 Dungeon Crawl Stone Soup version 0.32-a0-996-gb3226c233f (webtiles) character file.

Game seed: 15284641523240052913

72 GiantSquids the Ruffian (level 4, -3/29 HPs)
             Began as an Octopode Gladiator on Apr 24, 2024.
             Slain by a ribbon worm (5 damage)
             ... on level 2 of the Dungeon.
             The game lasted 00:02:51 (828 turns).

GiantSquids the Ruffian (Octopode Gladiator)         Turns: 828, Time: 00:02:53

Health: -3/29      AC:  1    Str: 15    XL:     4   Next: 25%
Magic:  4/4        EV: 13    Int: 10    God:
Gold:   90         SH:  0    Dex: 19    Spells: 3/3 levels left

rFire   . .          .
                       - Unarmed
rCold   . . .        (no shield)
rNeg    . . .        a - +0 hat
rPois   .            (no amulet)
rElec   .            h - +6 ring of dexterity
rCorr   .            (no ring)
SInv    .            (no ring)
Will    .....        (no ring)
Stlth   ++++         (no ring)
HPRegen 0.24/turn    (no ring)
MPRegen 0.09/turn    (no ring)
                     (no ring)

%: no passive effects
@: no status effects
A: almost no armour, amphibious, 8 rings, camouflage 1, gelatinous body 1,
(nimble swimmer 1), tentacles
a: no special abilities


You were on level 2 of the Dungeon.
You visited 1 branch of the dungeon, and saw 2 of its levels.

You collected 90 gold pieces.

Inventory:

Missiles
 b - 3 throwing nets (quivered)
 c - a javelin
Armour
 a - a +0 hat (worn)
Jewellery
 h - a +6 ring of dexterity (left tentacle)
 j - a ring of fire
Scrolls
 e - a scroll of immolation {unknown}
 f - a scroll of blinking {unknown}
 g - a scroll of teleportation {unknown}
Potions
 d - a potion of cancellation {unknown}
 i - a potion of haste {unknown}


   Skills:
 - Level 2.0 Fighting
 - Level 2.0 Throwing
 - Level 3.0 Dodging
 + Level 3.0 Stealth
 * Level 4.3 Unarmed Combat


You had 3 spell levels left.
You didn't know any spells.
Your spell library was empty.

Dungeon Overview and Level Annotations

Branches:
Dungeon (2/15)

Altars:


Innate Abilities, Weirdness & Mutations

You cannot wear most types of armour.
You are amphibious.
You can wear up to eight rings at the same time.
Your skin changes colour to match your surroundings (Stealth+).
Your rubbery body absorbs attacks. (AC +1, EV +1)
((You are camouflaged when in or above water. (Stealth+)))
You have tentacles for arms and can constrict up to eight enemies at once.


Message History

Your squeeze misses the ball python.
The ball python is severely wounded.
The ball python barely misses you. The ball python constricts you.
You barely miss the ball python. You grab the ball python.
The ball python is severely wounded.
You constrict the ball python.
You kill the ball python!
The goblin hits you with a +0 dagger. The adder bites you.
You tentacle-slap the adder but do no damage.
You grab the adder. You constrict the adder.
The goblin hits you with a +0 dagger. The adder bites you.
You tentacle-slap the adder.
The adder is almost dead.
You constrict the adder.
You kill the adder!
The goblin hits you with a +0 dagger.
Your Stealth skill increases to level 3!
You tentacle-slap the endoplasm but do no damage.
The goblin barely misses you. The endoplasm freezes you.
You are frozen.
* * * LOW HITPOINT WARNING * * *
Sorry, you're not good enough to have a special ability.
You closely miss the goblin. Your grab misses the goblin.
The goblin hits you with a +0 dagger.
* * * LOW HITPOINT WARNING * * *
The endoplasm misses you.
You tentacle-slap the ribbon worm. You grab the ribbon worm.
The ribbon worm is lightly wounded.
You constrict the ribbon worm. The goblin hits you but does no damage.
The endoplasm barely misses you. The ribbon worm barely misses you.
You barely miss the goblin. You grab the goblin.
Your squeeze misses the goblin. You constrict the ribbon worm.
You constrict the goblin.
You kill the goblin!
The endoplasm freezes you.
You are frozen.
* * * LOW HITPOINT WARNING * * *
The ribbon worm bites you.
You die...

....######.#.##..##.###.......#.#
.......# #.#...#.##...+.......#.#
.#.....###.#.###.######..........
.#.##......#...#.# #......###.
<#.###.........#.# ##+###.....
#............##.## ######
....###.......#...#
..#.#.+.......#.).# .######
..#.#.#......##.@.# .......
#.)........#.J)w.# .....##
###.......##.#.#.# #.....
+....†..###.$#.#..# .###.#.
###<.####...##.##... ....... ####
..## ... ##.. #####.. ### .⌠. ###
....... ... ####... ########.#


You could see a ribbon worm and an endoplasm.

Vanquished Creatures
  3 adders (D:2)
  4 endoplasms
  A giant cockroach (D:1)
  5 goblins
  2 hobgoblins (D:1)
  5 quokkas
  3 ball pythons
  8 bats
  3 frilled lizards
  4 kobolds
  6 rats
44 creatures vanquished.

Notes
Turn   | Place    | Note
-------+----------+-------------------------------------------
     0 | D:1      | GiantSquids the Octopode Gladiator began the quest for the
                  | Orb.
     0 | D:1      | Reached XP level 1. HP: 14/14 MP: 1/1
   159 | D:1      | Reached skill level 1 in Stealth
   161 | D:1      | Reached XP level 2. HP: 19/19 MP: 2/2
   417 | D:1      | Reached XP level 3. HP: 16/24 MP: 3/3
   532 | D:2      | Reached skill level 4 in Unarmed Combat
   662 | D:2      | Reached XP level 4. HP: 25/29 MP: 4/4
   828 | D:2      | Slain by a ribbon worm

Illustrated notes

Levels and vault maps discovered:
D:1:      minmay_arrival_four_houses, layout_rooms
D:2:      minmay_general_purpose_star, layout_basic, minivault_24

Skill      XL: |  1  2  3  4 |
---------------+-------------+-----
Stealth        | 1 2 3 |  3.0
Unarmed Combat | 4 |  4.3
Fighting       | |  2.0
Throwing       | |  2.0
Dodging        | |  3.0

Action                     |  1- 3 |  4- 6 || total
---------------------------+-------+-------++-------
  Melee: Unarmed           |    62 |    13 ||    75
         Constrict         |    15 |     5 ||    20
         Tentacles         |     9 |     1 ||    10
         Punch             |     2 |       ||     2
   Stab: Sleeping          |     8 |     1 ||     9
 Armour: Skin              |    14 |    13 ||    27
  Dodge: Dodged            |    37 |     9 ||    46

Table legend: (Time is in decaauts)
 A = Elapsed time spent in this place.
 B = Non-inter-level travel time spent in this place.
 C = Inter-level travel time spent in this place.
 D = Time resting spent in this place.
 E = Time spent auto-exploring this place.
 F = Levels seen in this place.
 G = Mean time per level.
                   A        B        C        D        E       F      G
               +--------+--------+--------+--------+--------+-----+--------+
         Total |    821 |    809 |     12 |      0 |    604 |   2 |  410.5 |
       Dungeon |    821 |    809 |     12 |      0 |    604 |   2 |  410.5 |
               +--------+--------+--------+--------+--------+-----+--------+

Top non-repeatable levels by time:
     D:1: 505 daAuts
     D:2: 316 daAuts
